 Dungeon Crawl Stone Soup version 0.16-a0-4083-g5af668b (console) character file.

28 mauris the Magician (level 2, 1/17 HPs)
             Began as a High Elf Wizard on Feb 22, 2015.
             Quit the game on level 1 of the Dungeon.
             The game lasted 00:01:34 (1208 turns).

mauris the Magician (High Elf Wizard)               Turns: 1208, Time: 00:01:34

Health: 1/17       AC:  2    Str:  6    XL:     2   Next: 96%
Magic:  7/7        EV: 12    Int: 21    God:
Gold:   58         SH:  0    Dex: 13    Spells: 2 memorised, 5 levels left

rFire  . . .     SeeInvis .     (no weapon)
rCold  . . .     Clarity  .     a - +0 robe
rNeg   . . .     SustAb   .     (no shield)
rPois  .         Gourm    .     b - +0 hat
rElec  .         Spirit   .     (no cloak)
rCorr  .         Warding  .     (no gloves)
rMut   .         Stasis   .     (no boots)
MR     .....                    (no amulet)
Stlth  ++........               (no ring)
                                (no ring)

@: lethally poisoned (1 -> -3), not resistant to hostile enchantments,
unstealthy
A: no striking features
a: no special abilities


You were on level 1 of the Dungeon.
You were not hungry.

You visited 1 branch of the dungeon, and saw 2 of its levels.

You collected 58 gold pieces.

Inventory:

Armour
 a - a +0 robe (worn)
 b - a +0 hat (worn)
Scrolls
 e - a scroll of remove curse
 g - a scroll of fear {unknown}
 h - a scroll of teleportation {unknown}
Books
 c - a book of Minor Magic

   Spells                             Type                      Level
   a - Magic Dart                     Conjuration                  1
   b - Blink                          Translocation                2
   c - Call Imp                       Summoning                    2
   d - Repel Missiles                 Charms/Air                   2
   e - Slow                           Hexes                        2
   f - Conjure Flame                  Conjuration/Fire             3
   g - Mephitic Cloud                 Conjuration/Poison/Air       3
Comestibles
 d - 2 bread rations
 j - 2 chunks of flesh


   Skills:
 - Level 2.1 Dodging
 - Level 2.1 Stealth
 - Level 3.6 Spellcasting
 + Level 3.2 Conjurations
   Level 0.8 Summonings
 - Level 1.1 Translocations


You had 5 spell levels left.
You knew the following spells:

 Your Spells              Type           Power        Failure   Level  Hunger
a - Magic Dart            Conj           ###.         3%          1    None
b - Blink                 Tloc           N/A          12%         2    ##.....


Dungeon Overview and Level Annotations

Branches:
Dungeon (2/15)

Altars:


Message History

The adder barely misses you.
Drink which item? (? for menu, Esc to quit)
It was a potion of cancellation.
Your magical effects are unravelling.
Your magical contamination has completely faded away.
You feel magically purged.
You flicker back into view.
* * * LOW HITPOINT WARNING * * *
You feel sick. The adder bites you.
* * * LOW HITPOINT WARNING * * *
Huge Dmg: -18%(-3hp) hp: 6%(1hp)
You are alive.
You are lethally poisoned (1 -> -3).
Your movement speed is average.
Your attack speed is average.
You are not resistant to hostile enchantments.
You feel unstealthy.
You are alive.
You are lethally poisoned (1 -> -3).
Your movement speed is average.
Your attack speed is average.
You are not resistant to hostile enchantments.
You feel unstealthy.
Are you sure you want to abandon this character and quit the game? (Confirm with "yes".)

# #.##...##....#.#.#.#.#.#.#####.
# #.##...###...#.#.#.#.#.........
###.##...# #.#.#.#.#(#.###.######
..#......# #...#.#...#.#.#.#
..#####..####..#.#.........#
..............>#.#%..#.##########
...###########.#.#####...........
#..............S...# ############
................e#.#
...#.(...........#.#
##.#.###########.#.# ...#.# #.#.#
####.###########.#.#
.......))........#.#
####.#############.#
#...............#
#################


You could see an adder.

Vanquished Creatures
  An ooze (D:1)
  5 bats
  3 giant cockroaches
  3 jackals (D:2)
  A giant gecko (D:1)
  3 goblins (D:1)
  5 kobolds
  4 rats (D:1)
25 creatures vanquished.

Notes
Turn   | Place    | Note
--------------------------------------------------------------
     0 | D:1      | mauris, the High Elf Wizard, began the quest for the Orb.
     0 | D:1      | Reached XP level 1. HP: 11/11 MP: 5/5
   320 | D:1      | Reached XP level 2. HP: 17/17 MP: 2/7
   324 | D:1      | Learned a level 2 spell: Blink
  1195 | D:2      | Huge Dmg: 5 Dmg
  1205 | D:1      | Huge Dmg: 3 Dmg
  1208 | D:1      | Huge Dmg: 3 Dmg
  1208 | D:1      | Quit the game

Action                   || total
-------------------------++-------
 Cast: Magic Dart        ||    56
       Blink             ||     1
  Use: Potion            ||     3
       Scroll            ||     1
  Eat: Chunk             ||     1

Vault maps used:
D:1:      sevenhm_arrival_forest_fort_small_4
D:2:      lemuel_coloured_pillars_altar, nicolae_qazlal_style_of_elements,
          lemuel_doored_altar, nicolae_overflow_hidden_temple,
          corexii_corridor_pit, kennysheep_generic_room_7
